 Dungeon Crawl Stone Soup version 0.31.0-32-g396128a36d (webtiles) character file.

Game seed: 15568748691251798778

973 diceflayer the Trooper (level 7, -4/60 HPs)
             Began as a Demonspawn Fighter on Apr 23, 2024.
             Was an Initiate of Trog.
             Slain by a shadow (31 damage)
             ... on level 6 of the Dungeon.
             The game lasted 00:03:46 (5011 turns).

diceflayer the Trooper (Demonspawn Fighter)         Turns: 5011, Time: 00:03:47

Health: -4/60      AC:  6    Str: 19    XL:     7   Next: 94%
Magic:  7/7        EV: 14    Int:  8    God:    Trog [......]
Gold:   273        SH: 12    Dex: 12    Spells: 6/6 levels left

rFire   . . .        a - +1 war axe
rCold   . . .        p - +0 tower shield
rNeg    . . .        b - +0 scale mail
rPois   .            q - melded +0 helmet
rElec   .            (cloak currently unavailable)
rCorr   +            (gloves currently unavailable)
SInv    .            (boots currently unavailable)
Will    .....        m - amulet of faith Stlth
                     h - +5 ring of evasion
HPRegen 0.30/turn    o - ring of resist corrosion
MPRegen 0.10/turn

%: faith
@: beast-form
A: beast (slay +0), repulsion field 2, demonic guardian 1
a: Begin Untransformation, Renounce Religion


You were on level 6 of the Dungeon.
You worshipped Trog.
Trog was noncommittal.
You were a hulking beast.
You visited 2 branches of the dungeon, and saw 7 of its levels.

You collected 273 gold pieces.

Inventory:

Hand Weapons
 a - a +1 war axe (weapon)
Missiles
 v - a throwing net (quivered)
Armour
 b - a +0 scale mail (worn)
 c - a +0 buckler
 p - a +0 tower shield (worn)
 q - a +0 helmet (melded)
Jewellery
 g - a ring of protection from fire
 h - a +5 ring of evasion (left hand)
 m - an amulet of faith (around neck)
 o - a ring of resist corrosion (right hand)
Talismans
 i - a beast talisman (active)
Wands
 n - a wand of flame (18)
 s - a wand of charming (9)
Scrolls
 f - 3 scrolls of teleportation
 x - a scroll of immolation
Potions
 d - a potion of might
 e - a potion of cancellation
 j - a potion of enlightenment
 k - 3 potions of attraction
 l - a potion of curing {unknown}
 r - a potion of invisibility {unknown}
 t - 2 potions of berserk rage
 u - a potion of ambrosia {unknown}
 w - a potion of lignification {unknown}


   Skills:
 - Level 7.3 Fighting
 + Level 6.0 Axes
 - Level 2.6 Armour
 - Level 2.6 Shields


You had 6 spell levels left.
You didn't know any spells.
Your spell library contained the following spells:

 Spells                   Type           Power      Damage    Failure   Level
 Inner Flame              Hex/Fire       0%         N/A       100%        3
 Irradiate                Conj/Alch      0%         3d11      100%        5
 Ignition                 Fire           0%         3d3       100%        8


Dungeon Overview and Level Annotations

Branches:
Dungeon (6/15)             Temple (1/1) D:4

Altars:
Ashenzari
Cheibriados
Dithmenos
Fedhas
Gozag
Hepliaklqana
Kikubaaqudgha
Makhleb
Nemelex Xobeh
Okawaru
Qazlal
Ru
Sif Muna
Trog
Uskayaw
Vehumet
Wu Jian
Xom

Shops:
D:5 *:[?

Annotations:
D:2 1 runed translucent door, Crazy Yiuf
D:3 3 runed translucent doors, Patata23's ghost, amateur KoBr


Innate Abilities, Weirdness & Mutations

You are a hulking beast.
Your limbs bulge with bestial killing power. (Slay +0)
You are surrounded by a moderate repulsion field. (EV +3)
A weak demonic guardian rushes to your aid.


Message History

You block the sky beast's attack.
Unknown command.
You hit the shadow.
The shadow is severely damaged.
You miss the sky beast. The shadow barely misses you.
The sky beast flickers out of sight!
Deactivating autopickup; reactivate with Ctrl-A.
Something hits you but does no damage. Something hits you.
Something shocks you.
A demonic guardian appears!
You block the shadow's attack.
You are too injured to fight recklessly!
You are too injured to fight recklessly!
Unknown command.
Unknown command.
You hit the shadow.
The shadow is severely damaged.
You miss something.
Your quasit bites the shadow but does no damage.
Your quasit completely misses the shadow.
Your quasit claws the shadow but does no damage.
The shadow hits your quasit. You block something's attack.
You hit the shadow but do no damage.
The shadow is severely damaged.
You miss something.
Your quasit closely misses the shadow.
Your quasit barely misses the shadow.
Your quasit claws the shadow but does no damage.
Something hits you but does no damage. You block the shadow's attack.
Your quasit bites the shadow but does no damage.
Your quasit claws the shadow but does no damage. x2
Something hits you but does no damage.
The shadow slips into darkness.
The shadow flickers and vanishes!
Your quasit barely misses something.
Your quasit closely misses something. x2
Unknown command.
You barely miss something. You miss something.
Your quasit completely misses something.
Your quasit closely misses something.
Your quasit barely misses something.
The shadow strikes at you from the darkness!
Ouch! That really hurt!
You die...

#. #.#..# ## #$
##...##... ###.
#..........
##...####...####...
#.....#.....### .
#................
#........#..##.#.
#................
#.....h.##....# .
#.....{{#####.#
#....5.## .#
#....... . #.......
#........ ##.....#.
##...##.#


You could see a friendly quasit (summoned).

Vanquished Creatures
  2 black bears
  2 phantoms (D:5)
  2 jellies
  2 hounds (D:5)
  2 bombardier beetles
  Terence (D:2)
  An iguana (D:5)
  An orc wizard (D:4)
  Robin (D:3)
  3 gnolls (D:4)
  9 adders
  4 dart slugs
  5 orcs
  9 endoplasms
  2 giant cockroaches
  14 goblins
  9 hobgoblins
  9 jackals
  2 quokkas
  11 ball pythons
  5 bats
  5 frilled lizards
  A kobold (D:1)
  A rat (D:3)
103 creatures vanquished.

Vanquished Creatures (collateral kills)
  An ogre (D:4)
  An orc priest (D:4)
  An iguana (D:5)
  A gnoll (D:4)
4 creatures vanquished.

Grand Total: 107 creatures vanquished

Notes
Turn   | Place    | Note
-------+----------+-------------------------------------------
     0 | D:1      | diceflayer the Demonspawn Fighter began the quest for the
                  | Orb.
     0 | D:1      | Reached XP level 1. HP: 18/18 MP: 1/1
   178 | D:1      | Gained mutation: You are surrounded by a mild repulsion
                  | field. (EV +2) [demonic ancestry]
   178 | D:1      | Reached XP level 2. HP: 23/24 MP: 2/2
  1175 | D:2      | Reached XP level 3. HP: 29/29 MP: 3/3
  1400 | D:2      | Found a runed translucent door.
  1401 | D:2      | Noticed Crazy Yiuf
  1647 | D:2      | Noticed Terence
  1658 | D:2      | Killed Terence
  1659 | D:2      | Reached XP level 4. HP: 15/35 MP: 4/4
  2161 | D:3      | Noticed Robin
  2177 | D:3      | Killed Robin
  2562 | D:3      | Gained mutation: A weak demonic guardian rushes to your
                  | aid. [demonic ancestry]
  2562 | D:3      | Reached XP level 5. HP: 27/41 MP: 5/5
  2873 | D:3      | Reached skill level 5 in Axes
  2954 | D:3      | Found a runed translucent gate.
  2954 | D:3      | Found a runed translucent gate.
  2954 | D:3      | Found a runed translucent gate.
  2959 | D:3      | Noticed Patata23's ghost (amateur KoBr)
  3278 | D:4      | HP: 2/41 [gnoll/+0 club (2)]
  3480 | D:4      | Found a staircase to the Ecumenical Temple.
  3493 | Temple   | Entered the Ecumenical Temple
  3493 | Temple   | Noticed a hellwing
  3494 | Temple   | Noticed Noonen the pandemonium lord
  3494 | Temple   | Noticed a reaper
  3494 | Temple   | Noticed Qubatarr the pandemonium lord
  3509 | Temple   | Became a worshipper of Trog the Wrathful
  3524 | Temple   | Noticed Pipam the pandemonium lord
  3557 | D:4      | Reached XP level 6. HP: 16/47 MP: 6/6
  3561 | D:4      | HP: 2/47 [orc priest/divine providence (12)]
  3819 | D:4      | Reached skill level 4 in Fighting
  4006 | D:4      | Reached skill level 5 in Fighting
  4006 | D:4      | Gained mutation: You are surrounded by a moderate repulsion
                  | field. (EV +3) [demonic ancestry]
  4006 | D:4      | Reached XP level 7. HP: 41/56 MP: 7/7
  4434 | D:5      | Entered Level 5 of the Dungeon
  4450 | D:5      | Found Qodecsukha's Magic Scroll Emporium.
  4572 | D:5      | Reached skill level 6 in Fighting
  4604 | D:5      | Found Jimarureuga's General Store.
  4669 | D:5      | Found Kafresmaa's Book Boutique.
  4686 | D:5      | Found Kutiokoz's Antique Armour Shoppe.
  4728 | D:5      | Found a burning altar of Makhleb.
  4774 | D:5      | Found a stormy altar of Qazlal.
  4795 | D:5      | Reached skill level 7 in Fighting
  4999 | D:6      | Noticed a shadow
  5011 | D:6      | Slain by a shadow

Illustrated notes

Levels and vault maps discovered:
D:1:      roderic_lyre, layout_basic
D:2:      layout_loops_ring, ebering_dispersal_statue_hall,
          minmay_fractal_squares_5, uniq_crazy_yiuf_cottage, uniq_terence
D:3:      layout_loops_ring, ebering_ghost_rock_garden, minmay_snake_closets,
          uniq_robin
D:4:      layout_basic, minmay_temple_entry_statues_fountains
D:5:      layout_basic, jmf_multi_god_temple2, serial_shops, shop_scrolls, shop,
          shop, shop
D:6:      layout_rooms, nicolae_figureground_sparkle
Temple:   nicolae_temple_panitentiary

Skill      XL: |  1  2  3  4  5  6  7 |
---------------+----------------------+-----
Axes           | 2 3 4 5 6 |  6.0
Fighting       | 5 7 |  7.3
Armour         | |  2.6
Shields        | |  2.6

Action                     |  1- 3 |  4- 6 |  7- 9 || total
---------------------------+-------+-------+-------++-------
  Melee: War axe           |    95 |   202 |    67 ||   364
    Use: Scroll            |     4 |     6 |     3 ||    13
         Potion            |     1 |     1 |       ||     2
 Armour: Scale mail        |    66 |   178 |    44 ||   288
  Dodge: Dodged            |    49 |   124 |    35 ||   208
  Block: Buckler           |    21 |    42 |       ||    63
         Tower shield      |       |    66 |    56 ||   122
   Form: Beast             |       |     1 |       ||     1
